 Dungeon Crawl Stone Soup version 0.28.0-53-g5a82cb258f (webtiles) character file.

Game seed: 10891240900102449542

10784 gobodom the Geomancer (level 11, -7/93 HPs)
             Began as a Deep Dwarf Earth Elementalist on June 20, 2022.
             Mangled by a polar bear (13 damage)
             ... on level 2 of the Lair of Beasts.
             The game lasted 01:06:34 (10548 turns).

gobodom the Geomancer (DDEE)                       Turns: 10548, Time: 01:06:35

Health: -7/93      AC: 10    Str: 14    XL:     11   Next: 40%
Magic:  10/17      EV: 14    Int: 18    God:
Gold:   559        SH:  4    Dex: 13    Spells: 15/25 levels left

rFire   . . .      SeeInvis .   l - +3 quarterstaff (chaos)
rCold   . . .      Faith    .   (shield currently unavailable)
rNeg    . . .      Spirit   .   E - +0 steam dragon scales
rPois   +          Reflect  .   t - +1 helmet
rElec   .          Harm     .   m - +1 cloak
rCorr   .          Rampage  .   (no gloves)
Will    +....                   j - +0 pair of boots
Stlth   ++++......              o - amulet of the acrobat
HPRegen 0.00/turn               f - ring of poison resistance
MPRegen 0.15/turn               (no ring)

@: no status effects
A: damage resistance, heal wounds, sense surroundings 2, no regeneration, large
bone plates 1, camouflage 1
a: Heal Wounds


You were on level 2 of the Lair of Beasts.
You visited 3 branches of the dungeon, and saw 11 of its levels.
You also visited: Sewer.

You collected 559 gold pieces.

Inventory:

Hand Weapons
 l - a +3 quarterstaff of chaos (weapon)
 n - the +10 hand crossbow of Bepoy {speed, rF+}
   (You found it on level 5 of the Dungeon)

   Attacks with this weapon are significantly faster.
   rF:        It protects you from fire.
 w - a +3 rapier of venom
 K - a +3 short sword of holy wrath
 M - a +2 vampiric whip
Missiles
 c - 82 stones
 r - 15 boomerangs
 A - 2 throwing nets
 C - a silver boomerang
 F - 11 poisoned darts
Armour
 j - a +0 pair of boots (worn)
 k - a +2 robe of fire resistance
 m - a +1 cloak (worn)
 t - a +1 helmet (worn)
 E - +0 steam dragon scales (worn)
 L - a +0 robe of cold resistance
Jewellery
 f - a ring of poison resistance (left hand)
 o - an amulet of the acrobat (around neck)
 G - an amulet of reflection
 N - the amulet "Sisothro Piab" {RegenMP rF+}
   (You found it on level 1 of the Lair of Beasts)

   [amulet of magic regeneration]

   It increases your rate of magic regeneration.
   rF:        It protects you from fire.
Wands
 y - a wand of iceblast (6)
 z - a wand of flame (25)
 B - a wand of paralysis (3)
 I - a wand of polymorph (3)
 P - a wand of charming (2)
Scrolls
 d - 3 scrolls of fear
 e - 7 scrolls of teleportation
 g - 2 scrolls of blinking
 p - a scroll of amnesia
 q - 2 scrolls of magic mapping
 D - 2 scrolls of fog
 J - 2 scrolls of identify
 Q - 4 scrolls of holy word
Potions
 a - 2 potions of haste
 b - a potion of curing
 h - 2 potions of lignification
 i - 2 potions of might
 u - a potion of resistance
 v - a potion of attraction
 x - a potion of mutation
 H - a potion of invisibility
Miscellaneous
 s - a condenser vane


   Skills:
 + Level 4.9 Fighting
 + Level 7.5 Staves
 + Level 5.3 Dodging
 + Level 4.7 Stealth
 + Level 2.0 Shields
 + Level 0.2 Unarmed Combat
 + Level 7.8 Spellcasting
 + Level 4.6 Conjurations
 + Level 1.7 Transmutations
 + Level 12.4 Earth Magic
 + Level 0.5 Evocations


You had 15 spell levels left.
You knew the following spells:

 Your Spells              Type           Power      Damage    Failure   Level
a - Sandblast             Erth           100%       2d20      1%          1
b - Stone Arrow           Conj/Erth      74%        3d11      1%          3
c - Passwall              Tmut/Erth      26%        N/A       1%          2
d - Petrify               Tmut/Erth      32%        N/A       5%          4

Your spell library contained the following spells:

 Spells                   Type           Power      Damage    Failure   Level
 Shock                    Conj/Air       60%        1d6       3%          1
 Sting                    Tmut/Pois      40%        1d5       7%          1
 Animate Skeleton         Necr           14%        N/A       10%         1
 Pain                     Necr           28%        1d5       10%         1
 Corpse Rot               Necr/Air       14%        N/A       16%         2
 Ensorcelled Hibernation  Hex/Ice        14%        N/A       16%         2
 Poisonous Vapours        Pois/Air       14%        N/A       16%         2
 Mephitic Cloud           Conj/Pois/Air  12%        N/A       16%         3
 Spider Form              Tmut/Pois      10%        N/A       21%         3
 Swiftness                Air            7%         N/A       30%         3
 Vampiric Draining        Necr           7%         2d6       30%         3
 Airstrike                Air            3%         N/A       69%         4
 Dispel Undead            Necr           7%         3d8       69%         4
 Death Channel            Necr           3%         N/A       100%        6
 Dispersal                Tloc           3%         N/A       100%        6
 Malign Gateway           Summ/Tloc      3%         N/A       100%        7
 Monstrous Menagerie      Summ           3%         N/A       100%        7
 Disjunction              Tloc           3%         N/A       100%        8


Dungeon Overview and Level Annotations

Branches:
Dungeon (8/15)             Temple (1/1) D:6            Lair (2/6) D:8
  Sewer (visited)
  Swamp: Lair:2-4    Shoals: Lair:2-4     Snake: Lair:2-4    Spider: Lair:2-4

Altars:
Ashenzari
Cheibriados
Dithmenos
Elyvilon
Fedhas
Gozag
Hepliaklqana
Kikubaaqudgha
Makhleb
Nemelex Xobeh
Okawaru
Ru
Sif Muna
Trog
Zin
Lugonu


Innate Abilities, Weirdness & Mutations

You are resistant to damage.
You can heal yourself by infusing magical energy.
You passively map the area around you.
You do not regenerate.
You are partially covered in large bone plates. (SH +4)
Your skin changes colour to match your surroundings (Stealth+).


Message History

You hit the polar bear.
The polar bear is heavily wounded.
You block the polar bear's attack. The polar bear closely misses you.
The polar bear claws you.
You hit the polar bear but do no damage.
The polar bear is poisoned.
The polar bear is heavily wounded.
The polar bear bites you!
* * * LOW HITPOINT WARNING * * *
The polar bear barely misses you. x2; The polar bear bites you.
The polar bear claws you. You block the polar bear's attack.
You feel much better. The polar bear misses you.
The polar bear closely misses you.
The polar bear claws you but does no damage.
You hit the polar bear but do no damage.
The polar bear flickers and vanishes!
Deactivating autopickup; reactivate with Ctrl-A.
Something bites you!!
* * * LOW HITPOINT WARNING * * *
Something claws you but does no damage. Something claws you.
You barely miss something. Something bites you.
* * * LOW HITPOINT WARNING * * *
Something claws you but does no damage. Something barely misses you. x3
Something claws you.
* * * LOW HITPOINT WARNING * * *
Your magical essence is drained by the effort!
You feel much better. Something bites you! Something claws you. x2
You feel much better. Something bites you!!
Something claws you but does no damage. Something claws you.
Something bites you!
* * * LOW HITPOINT WARNING * * *
Something claws you. Something claws you but does no damage.
You miss something. Something bites you but does no damage.
Something claws you.
* * * LOW HITPOINT WARNING * * *
Something claws you but does no damage.
You hit something.
Nothing appears to happen.
Something bites you!!
* * * LOW HITPOINT WARNING * * *
Something claws you but does no damage. x2; Something bites you!
You die...

........########.########.
........#♣....♣♣†♣♣♣...♣
,*
........#.≈≈≈....♣♣..♣.♣#
..#.....#.≈≈.♣.♣.♣.≈≈≈..#,
†##.....#♣♣..♣.♣.......♣#
* .##.....#
♣♣♣♣♣♣.♣♣♣♣♣♣♣* , ,
######### ♣.♣ * * # * *
♣♣.♣♣ * * ** ## , , *
#♣.@.♣# , ** * .# , ,* *
**#..{..# ≈ , .#, ,, ,
#♣...♣# *# * .# * * ♣♣†♣♣
* *.# .# ,* ##♣'♣## .♣ .#
,#..>..#♣♣.♣♣#(≈ .# ,
+..8..h..†....§ , , ## , *
*#..<..#♣♣.♣♣#$h≈ # *, ,
##♣+♣## , .♣ *


There were no monsters in sight!

Vanquished Creatures
  2 hydras
  Harold (D:7)
  3 black mambas (Lair:2)
  Maggie (Lair:1)
  3 cane toads
  4 komodo dragons
  8 yaks
  Sigmund (D:4)
  Eustachio (D:5)
  A wyvern (D:8)
  A fire bat (Lair:2)
  A steam dragon (D:7)
  Duvessa (D:7)
  3 water moccasins
  2 black bears
  A sky beast (D:6)
  2 orc warriors (D:7)
  2 necrophages (D:6)
  3 wolves (D:8)
  An ogre (D:6)
  2 centaurs
  2 phantoms (D:5)
  2 kobold brigands
  12 bullfrogs
  3 scorpions
  Dowan (D:7)
  6 wights
  3 killer bees (D:7)
  2 electric eels (D:8)
  A howler monkey (D:4)
  A centaur zombie (D:6)
  A centaur skeleton (D:5)
  A jelly (D:7)
  7 hounds
  3 orc priests
  Crazy Yiuf (D:2)
  3 iguanas
  An orc wizard (D:8)
  A killer bee zombie (D:7)
  Robin (D:2)
  5 adders
  A shadow imp (D:8)
  A white imp (D:7)
  An ufetubus (D:6)
  A worm (D:3)
  3 dart slugs
  15 orcs
  6 endoplasms
  11 giant cockroaches
  12 goblins
  11 hobgoblins
  2 jackals (D:2)
  9 kobolds
  4 quokkas
  11 ball pythons
  A bat (D:2)
  9 frilled lizards
  7 rats
206 creatures vanquished.

Vanquished Creatures (others)
  A fungus (Lair:1)
  9 plants
10 creatures vanquished.

Grand Total: 216 creatures vanquished

Notes
Turn   | Place    | Note
-------+----------+-------------------------------------------
     0 | D:1      | gobodom the Deep Dwarf Earth Elementalist began the quest
                  | for the Orb.
     0 | D:1      | Reached XP level 1. HP: 15/15 MP: 3/3
   177 | D:1      | Reached XP level 2. HP: 16/22 MP: 3/5
  1529 | D:2      | Reached XP level 3. HP: 20/28 MP: 4/6
  1568 | D:2      | Found a faded altar of an unknown god.
  1570 | D:2      | Reached skill level 5 in Earth Magic
  1613 | D:2      | Got Viex's Compendium of Earthen Companions
  1725 | D:2      | Found a runed translucent door.
  1726 | D:2      | Noticed Crazy Yiuf
  1932 | D:2      | Got Plato's Grimoire of the Mountains
  2019 | D:2      | Noticed Robin
  2159 | D:2      | Killed Robin
  2160 | D:2      | Reached XP level 4. HP: 9/36 MP: 1/8
  2539 | D:2      | Identified the +0 ring mail "Otea" {rCorr Slay-4 Stlth+}
  2729 | D:2      | Killed Crazy Yiuf
  2815 | D:3      | Reached skill level 6 in Earth Magic
  2815 | D:3      | Reached XP level 5. HP: 28/42 MP: 6/9
  2918 | D:3      | Found a burning altar of Makhleb.
  2918 | D:3      | Noticed a cacodemon
  3251 | D:3      | Got Xuraoz's Almanac of Venom
  3256 | D:3      | Learned a level 3 spell: Stone Arrow
  3488 | D:3      | Found a sparkling altar of Nemelex Xobeh.
  4127 | D:4      | Reached skill level 1 in Staves
  4189 | D:4      | Noticed Sigmund
  4197 | D:4      | Killed Sigmund
  4198 | D:4      | Reached skill level 1 in Fighting
  4198 | D:4      | Reached skill level 7 in Earth Magic
  4198 | D:4      | Reached XP level 6. HP: 51/51 MP: 0/11
  4451 | D:5      | Entered Level 5 of the Dungeon
  4481 | D:5      | Reached XP level 7. HP: 43/57 MP: 2/12
  4742 | D:5      | Found a glowing drain.
  4749 | Sewer    | Entered a sewer
  4828 | Sewer    | Reached skill level 1 in Conjurations
  5072 | D:5      | Learned a level 2 spell: Passwall
  5081 | D:5      | Identified the +10 hand crossbow of Bepoy {speed, rF+}
  5334 | D:5      | Noticed Eustachio
  5347 | D:5      | Killed Eustachio
  5348 | D:5      | Reached XP level 8. HP: 31/68 MP: 1/14
  5365 | D:5      | Found a white marble altar of Elyvilon.
  5388 | D:5      | Found a hazy altar of Hepliaklqana.
  6102 | D:6      | Reached skill level 8 in Earth Magic
  6104 | D:6      | Reached skill level 5 in Staves
  6319 | D:6      | Found a staircase to the Ecumenical Temple.
  6369 | Temple   | Entered the Ecumenical Temple
  6814 | D:7      | Reached skill level 5 in Spellcasting
  6814 | D:7      | Gained mutation: You passively map the area around you.
                  | [Deep Dwarf growth]
  6814 | D:7      | Reached XP level 9. HP: 70/75 MP: 11/16
  6848 | D:7      | Found a flagged portal.
  6865 | D:7      | Noticed Harold
  6908 | D:7      | Reached skill level 9 in Earth Magic
  6918 | D:7      | Paralysed by Harold for 2 turns
  6923 | D:7      | Killed Harold
  7213 | D:7      | Noticed Duvessa
  7213 | D:7      | Noticed Dowan
  7218 | D:7      | Killed Duvessa
  7221 | D:7      | Killed Dowan
  7222 | D:7      | Reached skill level 10 in Earth Magic
  7505 | D:7      | Noticed a komodo dragon
  7511 | D:7      | Killed a komodo dragon
  7786 | D:7      | Reached XP level 10. HP: 61/84 MP: 14/19
  7913 | D:7      | Found a glowing silver altar of Zin.
  8142 | D:8      | Gained mutation: Your skin changes colour to match your
                  | surroundings (Stealth+). [potion of mutation]
  8142 | D:8      | Gained mutation: You are partially covered in large bone
                  | plates. (SH +4) [potion of mutation]
  8507 | D:8      | Found an ancient bone altar of Kikubaaqudgha.
  8770 | D:8      | Found a staircase to the Lair.
  8836 | Lair:1   | Entered Level 1 of the Lair of Beasts
  8836 | Lair:1   | Noticed a cane toad
  8843 | Lair:1   | Killed a cane toad
  8844 | Lair:1   | Reached skill level 11 in Earth Magic
  9009 | Lair:1   | Learned a level 4 spell: Petrify
  9213 | Lair:1   | Reached skill level 1 in Shields
  9347 | Lair:1   | Noticed a five-headed hydra
  9421 | Lair:1   | Killed a five-headed hydra
  9430 | Lair:1   | Identified the amulet "Sisothro Piab" {RegenMP rF+}
  9511 | Lair:1   | Noticed Maggie
  9519 | Lair:1   | Killed Maggie
  9520 | Lair:1   | Reached skill level 5 in Dodging
  9816 | Lair:1   | Noticed a cane toad
  9831 | Lair:1   | Killed a cane toad
  9832 | Lair:1   | Reached skill level 1 in Transmutations
  9832 | Lair:1   | Reached XP level 11. HP: 56/93 MP: 5/19
 10250 | Lair:2   | Noticed an eight-headed hydra
 10259 | Lair:2   | Killed an eight-headed hydra
 10442 | Lair:2   | Reached skill level 12 in Earth Magic
 10548 | Lair:2   | Mangled by a polar bear

Illustrated notes

Levels and vault maps discovered:
D:1:      lightli_arrival_noodles, layout_basic
D:2:      layout_basic, shapermc_ecumenical_altar_rom_forum,
          uniq_crazy_yiuf_cottage, uniq_robin
D:3:      layout_basic, mainiacjoe_overflow_alcove_2, makhleb_altar_promises_db
D:4:      layout_basic, uniq_sigmund
D:5:      layout_loops_ring, mainiacjoe_overflow_swirl, gup_sewer_entry_bubbles,
          minivault_4, uniq_eustachio
D:6:      layout_rooms, minmay_temple_entry_glass
D:7:      layout_basic, nicolae_overflow_hidden_temple, enter_bailey_2,
          nicolae_elevator_lobby_plus, uniq_harold, uniq_duvessa
D:8:      layout_basic, lemuel_doored_altar, erik_lair_island,
          chequers_decorated_corner
Temple:   corrupted_temple
Lair:1:   layout_chaotic_city, uniq_maggie
Lair:2:   nzn_winding_woodlands_stair_cross [nzn_winding_woodlands_5x15_pockets,
          nzn_winding_woodlands_center_pierced_h,
          nzn_winding_woodlands_5x15_crooked,
          nzn_winding_woodlands_5x5_closed_star,
          nzn_winding_woodlands_5x5_open_star,
          nzn_winding_woodlands_5x15_split_checker,
          nzn_winding_woodlands_center_triple_pond,
          nzn_winding_woodlands_5x15_pathside_ponds], layout_hall_layers

Skill      XL: |  1  2  3  4  5  6  7  8  9 10 11 |
---------------+----------------------------------+-----
Spellcasting   | 2 3 4 5 6 7 |  7.8
Earth Magic    | 5 6 7 8 10 11 12 | 12.4
Staves         | 1 2 4 5 6 7 |  7.5
Fighting       | 1 2 3 4 |  4.9
Stealth        | 3 4 |  4.7
Conjurations   | 1 2 3 4 |  4.6
Dodging        | 3 4 5 |  5.3
Shields        | 1 2 |  2.0
Transmutations | 1 |  1.7
Unarmed Combat | |  0.2
Evocations     | |  0.5

Action                   |  1- 3 |  4- 6 |  7- 9 | 10-12 || total
-------------------------+-------+-------+-------+-------++-------
Melee: Unarmed           |    16 |       |       |       ||    16
       Punch             |     2 |       |       |       ||     2
       Quarterstaff      |       |    12 |   176 |   147 ||   335
 Cast: Sandblast         |    59 |    20 |    23 |    45 ||   147
       Stone Arrow       |       |    15 |    67 |    41 ||   123
       Petrify           |       |       |       |     5 ||     5
       Passwall          |       |       |       |     2 ||     2
 Abil: Heal Wounds       |       |     1 |     3 |    13 ||    17
Evoke: Condenser vane    |       |       |     1 |       ||     1
       Wand              |       |       |       |     6 ||     6
  Use: Scroll            |     4 |     4 |    10 |     3 ||    21
       Potion            |       |     3 |     2 |     6 ||    11
Armor: Robe              |     5 |     1 |    53 |       ||    59
       Steam dragon scal |       |       |     9 |    56 ||    65
Dodge: Dodged            |    21 |     5 |   165 |   112 ||   303
Block: Other             |       |       |       |    31 ||    31
